 Dungeon Crawl Stone Soup version 0.25-a0-566-g062765be81 (webtiles) character file.

Game seed: 3687041487895444494, levelgen mode: deterministic

71610 Flugslaktarn the Severer (level 14, -4/133 HPs)
             Began as a Deep Dwarf Fighter on Feb 28, 2020.
             Was a High Priest of Makhleb.
             Slain by a wolf spider (10 damage)
             ... on level 4 of the Spider Nest.
             The game lasted 00:12:22 (12937 turns).

Flugslaktarn the Severer (Deep Dwarf Fighter)      Turns: 12937, Time: 00:12:22

Health: -4/133     AC: 24    Str: 31 (33) XL:     14   Next: 98%
Magic:  4/4        EV:  7    Int:  8      God:    Makhleb [*****.]
Gold:   1027       SH: 14    Dex: 12      Spells: 13/13 levels left

rFire    + . .     SeeInvis +   s - +2 hand axe of Menaisch {vorpal, rF+ Str+7}
rCold    . . .     Gourm    .   m - +0 kite shield {rPois}
rNeg     + + .     Faith    .   u - +0 plate armour
rPois    +         Spirit   .   K - +2 helmet
rElec    .         Reflect  .   g - +1 cloak
rCorr    .         Harm     .   b - +0 pair of gloves
MR       +++..                  C - +0 pair of boots
Stlth    ..........             (no amulet)
HPRegen  0.00/turn              i - ring of see invisible
MPRegen  0.09/turn              M - ring "Rosuonav" {rN+ MR+}

@: lethally poisoned (-4 -> -4), non-regenerating
A: damage resistance, heal wounds, negative energy resistance 1, sense
surroundings 2, no regeneration
a: Heal Wounds, Minor Destruction, Lesser Servant of Makhleb, Major Destruction,
Greater Servant of Makhleb, Renounce Religion


You were on level 4 of the Spider Nest.
You worshipped Makhleb.
Makhleb was extremely pleased with you.
You were not hungry.

You visited 4 branches of the dungeon, and saw 23 of its levels.
You also visited: Gauntlet and Ice Cave.

You collected 1027 gold pieces.

Inventory:

Hand Weapons
 l - a +3 war axe
   (You took it off a tengu warrior on level 8 of the Dungeon)
 s - the +2 hand axe of Menaisch (weapon) {vorpal, rF+ Str+7}
   (You found it on level 5 of the Dungeon)

   It inflicts extra damage upon your enemies.
   It affects your strength (+7).
   It protects you from fire.
 A - the +1 war axe "Xoegh" {protect, rPois rN+}
   (You found it on level 8 of the Dungeon)

   It grants its wielder temporary protection when it strikes (+7 to AC).
   It protects you from poison.
   It protects you from negative energy.
Missiles
 B - 2 throwing nets (quivered)
Armour
 b - a +0 pair of gloves (worn)
   (You found it on level 6 of the Dungeon)
 g - a +1 cloak (worn)
   (You took it off Crazy Yiuf on level 4 of the Dungeon)
 m - a +0 kite shield of poison resistance (worn)
   (You took it off a tengu warrior on level 8 of the Dungeon)
 u - a +0 plate armour (worn)
   (You took it off an orc warrior on level 6 of the Dungeon)
 C - a +0 pair of boots (worn)
   (You found it on level 8 of the Dungeon)
 K - a +2 helmet (worn)
   (You found it on level 1 of the Lair of Beasts)
 O - a +2 kite shield
   (You found it in a Gauntlet)
Jewellery
 a - the ring of the Komtur {rPois rF+ Str-3 SInv}
   (You acquired it on level 1 of the Lair of Beasts)

   [ring of protection from fire]

   It affects your strength (-3).
   It protects you from fire.
   It protects you from poison.
   It lets you see invisible.
 i - a ring of see invisible (left hand)
   (You took it off an orc priest on level 7 of the Dungeon)
 k - an uncursed ring of resist corrosion
   (You found it on level 8 of the Dungeon)
 M - the ring "Rosuonav" (right hand) {rN+ MR+}
   (You found it in a Gauntlet)

   [ring of protection from magic]

   It protects you from negative energy.
   It affects your resistance to hostile enchantments.
Wands
 v - a wand of clouds (4)
   (You found it on level 2 of the Lair of Beasts)
 G - a wand of iceblast (12)
   (You found it on level 12 of the Dungeon)
 J - a wand of paralysis (14)
   (You found it on level 4 of the Lair of Beasts)
 N - a wand of acid (21)
   (You found it in a Gauntlet)
Scrolls
 f - 6 scrolls of immolation
 p - a scroll of fog
 r - a scroll of identify
 t - 6 scrolls of teleportation
 w - 5 scrolls of remove curse
 z - 3 scrolls of blinking
 H - 2 scrolls of magic mapping
 I - a scroll of enchant weapon
 P - a scroll of silence
 Q - a scroll of fear
 S - a scroll of vulnerability
Potions
 c - a potion of ambrosia
 d - 2 potions of might
 h - a potion of haste
 j - 3 potions of brilliance
 n - 5 potions of resistance
 o - 3 potions of lignification
 q - a potion of curing
 x - 2 potions of mutation
 y - 3 potions of flight
 D - a potion of magic
 E - 6 potions of stabbing
 F - 4 potions of heal wounds
 L - 3 potions of degeneration
Comestibles
 e - 26 rations
 R - 5 chunks of flesh


   Skills:
 + Level 10.6 Fighting
 * Level 16.4 Axes
 + Level 12.5 Armour
 + Level 12.4 Shields
 + Level 13.4 Invocations


You had 13 spell levels left.
You didn't know any spells.
Your spell library was empty.

Dungeon Overview and Level Annotations

Branches:
Dungeon (12/15)            Temple (1/1) D:5            Lair (6/6) D:11
  Swamp (0/4) Lair:3       Spider (4/4) Lair:3        Slime (0/5) Lair:6
    Orc (0/2) D:9           IceCv (visited)         Gauntlet (visited)

Altars:
Ashenzari
Cheibriados
Dithmenos
Elyvilon
Fedhas
Gozag
Hepliaklqana
Makhleb
Nemelex Xobeh
Okawaru
Qazlal
Ru
Sif Muna
Trog
Uskayaw
Vehumet
Wu Jian
Xom
Yredelemnul
Zin
The Shining One
Jiyva

Shops:
D:6 :=}

Annotations:
D:4 2 transporters, Wiebster667's ghost, amateur DsFi
Lair:4 3 runed translucent doors, Hiceoc's ghost, journeyman FeBe; Vygymeh's ghost, journeyman DECj


Innate Abilities, Weirdness & Mutations

You are resistant to damage.
You can heal yourself by infusing magical energy.
You resist negative energy. (rN+)
You passively map the area around you.
You do not regenerate.


Message History

You block the jumping spider's attack. The jumping spider closely misses you.
The wolf spider hits you.
* * * LOW HITPOINT WARNING * * *
The wolf spider bites you but does no damage.
The redback bites you but does no damage.
The jumping spider pounces on you but does no damage.
You block the jumping spider's attack. The wolf spider barely misses you.
The wolf spider bites you but does no damage.
The wolf spider hits you.
* * * LOW HITPOINT WARNING * * *
The wolf spider bites you but does no damage.
The redback bites you.
* * * LOW HITPOINT WARNING * * *
The jumping spider pounces on you!
* * * LOW HITPOINT WARNING * * *
The jumping spider closely misses you.
The wolf spider hits you but does no damage.
The wolf spider bites you but does no damage.
The wolf spider hits you!
You die...

...^^......# .......... ,, ,
...........# ............ ,
...........###........... ,
.............#........... ,
^, ^
.........?..^^.^^........,,,
, ..........†....s.........
, ^
....<).....†.....$.......,
......°†..††....s........,
.######†....^..s@.....# ** *
* .# ####..†...ss.#### ## *
####'''#### ** # * #^..# * *
, ,,***#...# , * ,*#≈...≈# *
** ,≈ , ** .≈##..^≈# * , , ≈
≈ *** ≈.. #≈.... * , ***..,
^.., ** ≈


You could see 2 wolf spiders, an orb spider, a jumping spider and a redback.

Vanquished Creatures
  Gastronok (D:11)
  2 ghost moths (Spider:1)
  A dire elephant (Lair:6)
  Snorg (D:11)
  2 hydras (Lair:6)
  An anaconda (Lair:6)
  2 two-headed ogres
  2 tengu warriors (D:8)
  2 catoblepae (Gauntlet)
  Urug (Lair:5)
  Nergalle (D:11)
  A fire crab (Gauntlet)
  8 orb spiders
  An ugly thing (D:8)
  8 wolf spiders
  14 elephants (Lair:6)
  2 centaur zombies (D:10)
  A cyclops (D:11)
  4 black mambas
  10 spiny frogs
  2 gargoyles (Gauntlet)
  Psyche (D:10)
  Maggie (D:10)
  A kobold demonologist (D:11)
  A rime drake (Lair:6)
  2 demonic crawlers
  6 komodo dragons
  6 ice devils
  11 jumping spiders
  A polar bear (Lair:6)
  A hornet (Spider:2)
  2 trolls
  4 dream sheep (Lair:6)
  10 blink frogs
  11 hippogriffs
  A meliai zombie (D:10)
  17 tarantellas
  33 redbacks
  4 fire bats (Gauntlet)
  A shadow (D:11)
  4 basilisks
  2 wyverns
  37 yaks
  A soldier ant (D:11)
  2 hell hounds (Gauntlet)
  An acid dragon (D:11)
  11 water moccasins
  10 porcupines
  A hornet zombie (D:9)
  2 ice beasts
  6 sky beasts
  A black bear (Lair:2)
  An orc warrior (D:6)
  7 ogres
  A phantom (D:8)
  An eye of draining (D:10)
  A necrophage (D:5)
  6 centaurs
  11 crocodiles
  A big kobold (D:9)
  14 bullfrogs
  A water moccasin skeleton (D:5)
  8 wights
  3 crimson imps
  3 howler monkeys
  4 hounds
  4 orc priests
  A bullfrog skeleton (D:6)
  10 orc wizards
  Crazy Yiuf (D:4)
  4 jellies (D:10)
  A centaur skeleton (D:8)
  A gnoll shaman (D:8)
  3 iguanas (Lair:3)
  13 worker ants
  A killer bee zombie (D:10)
  A howler monkey zombie (D:11)
  A worker ant zombie (D:11)
  9 gnolls
  9 adders
  A shadow imp (D:6)
  An ooze (D:2)
  An adder skeleton (D:5)
  A dart slug (D:4)
  4 leopard geckos
  24 orcs
  2 giant cockroaches (D:2)
  4 goblins
  4 hobgoblins
  8 jackals
  7 kobolds
  6 quokkas
  2 bats
  2 frilled lizards
  A jackal skeleton (D:4)
  A leopard gecko skeleton (D:4)
  5 rats
  A spectral orc (D:6)
  3 fungi
  4 plants (Lair:6)
462 creatures vanquished.

Vanquished Creatures (collateral kills)
  An entropy weaver (Spider:4)
  A minotaur (Gauntlet)
  4 hydras
  5 orb spiders (Spider:4)
  A wolf spider (Spider:4)
  4 elephants (Lair:5)
  A rime drake (Lair:5)
  3 jumping spiders (Spider:4)
  2 redbacks (Spider:4)
  A water moccasin (Lair:6)
23 creatures vanquished.

Vanquished Creatures (others)
  A wolf spider (Spider:4)
  2 orb spiders
  A demonic crawler (Spider:1)
  A redback (Spider:1)
  5 fungi
  2 plants
  2 withered plants (Lair:4)
14 creatures vanquished.

Grand Total: 499 creatures vanquished

Notes
Turn   | Place    | Note
-------+----------+-------------------------------------------
     0 | D:1      | Flugslaktarn the Deep Dwarf Fighter began the quest for the
                  | Orb.
     0 | D:1      | Reached XP level 1. HP: 20/20 MP: 1/1
   242 | D:2      | Reached XP level 2. HP: 21/27 MP: 2/2
   282 | D:2      | Reached skill level 3 in Axes
   282 | D:2      | Reached XP level 3. HP: 25/33 MP: 3/3
   410 | D:2      | Found a stormy altar of Qazlal.
   411 | D:2      | Found an ornate altar of the Wu Jian Council.
   411 | D:2      | Found an iron altar of Okawaru.
   433 | D:2      | Noticed a +0 dagger
   434 | D:2      | Noticed a +0 hand axe
   444 | D:2      | Found a hide-covered altar of Uskayaw.
   524 | D:4      | Reached XP level 4. HP: 42/42 MP: 4/4
   600 | D:4      | Reached skill level 4 in Axes
   639 | D:4      | Found a blossoming altar of Fedhas.
   646 | D:4      | Found a shattered altar of Ashenzari.
   687 | D:4      | Reached XP level 5. HP: 36/49 MP: 5/5
   742 | D:4      | Found a transporter.
   748 | D:4      | Noticed Wiebster667's ghost (amateur DsFi)
   769 | D:4      | Found a transporter.
   952 | D:4      | Found a runed translucent door.
   953 | D:4      | Noticed Crazy Yiuf
  1076 | D:4      | Reached XP level 6. HP: 42/56 MP: 5/5
  1317 | D:4      | Killed Crazy Yiuf
  1409 | D:5      | Entered Level 5 of the Dungeon
  1426 | D:5      | Reached skill level 5 in Axes
  1744 | D:5      | Reached XP level 7. HP: 49/64 MP: 5/5
  1751 | D:5      | Got a brightly glowing hand axe
  1752 | D:5      | Identified the +2 hand axe of Menaisch {vorpal, rF+ Str+7}
                  | (You found it on level 5 of the Dungeon)
  1927 | D:5      | Found a hazy altar of Hepliaklqana.
  1933 | D:5      | Found a staircase to the Ecumenical Temple.
  1958 | Temple   | Entered the Ecumenical Temple
  2033 | Temple   | Became a worshipper of Makhleb the Destroyer
  2111 | D:5      | Found a snail-covered altar of Cheibriados.
  2159 | D:6      | Reached skill level 5 in Armour
  2159 | D:6      | Reached skill level 5 in Shields
  2163 | D:6      | Reached skill level 6 in Axes
  2163 | D:6      | Reached skill level 1 in Invocations
  2287 | D:6      | Found a shimmering blue altar of Sif Muna.
  2299 | D:6      | Found Ruju's Gadget Shoppe.
  2308 | D:6      | Found Walul's Jewellery Shop.
  2409 | D:6      | Found a basalt altar of Yredelemnul.
  2553 | D:6      | Reached XP level 8. HP: 65/73 MP: 6/6
  2592 | D:6      | Found Sideur's Book Shoppe.
  2863 | D:7      | Reached * piety under Makhleb
  2925 | D:7      | Reached skill level 7 in Axes
  3013 | D:7      | Found a radiant altar of Vehumet.
  3159 | D:7      | Found a bloodstained altar of Trog.
  3503 | D:8      | Noticed a hippogriff
  3510 | D:8      | Killed a hippogriff
  3510 | D:8      | Reached skill level 5 in Fighting
  3600 | D:8      | Reached skill level 8 in Axes
  3620 | D:8      | Noticed a tengu warrior
  3620 | D:8      | Noticed a tengu warrior
  3651 | D:8      | Killed a tengu warrior
  3651 | D:8      | Reached skill level 5 in Invocations
  3651 | D:8      | Gained mutation: You passively map the area around you.
                  | [Deep Dwarf growth]
  3651 | D:8      | Reached XP level 9. HP: 65/81 MP: 8/8
  3652 | D:8      | Killed a tengu warrior
  3652 | D:8      | Reached skill level 9 in Axes
  3702 | D:8      | Noticed a two-headed ogre
  3706 | D:8      | Reached ** piety under Makhleb
  3722 | D:8      | Killed a two-headed ogre
  3725 | D:8      | Reached XP level 10. HP: 77/91 MP: 10/10
  4042 | D:8      | Noticed a purple ugly thing
  4058 | D:8      | Killed a purple ugly thing
  4058 | D:8      | Reached skill level 10 in Axes
  4089 | D:8      | You fall into a shaft and drop 2 floors!
  4089 | D:10     | Entered Level 10 of the Dungeon
  4129 | D:10     | Noticed Psyche
  4134 | D:10     | Killed Psyche
  4368 | D:9      | Reached *** piety under Makhleb
  4486 | D:8      | Got a jewelled war axe
  4487 | D:8      | Identified the cursed +1 war axe "Xoegh" {protect, rPois
                  | rN+} (You found it on level 8 of the Dungeon)
  4697 | D:9      | Noticed an angel
  4698 | D:9      | Found a glowing silver altar of Zin.
  4698 | D:9      | Found a shimmering altar of Xom.
  4726 | D:9      | Reached skill level 11 in Axes
  4914 | D:9      | Found a shadowy altar of Dithmenos.
  5079 | D:9      | Reached XP level 11. HP: 96/100 MP: 12/12
  5166 | D:9      | Found a staircase to the Orcish Mines.
  5434 | D:10     | Noticed Maggie
  5451 | D:10     | Killed Maggie
  5836 | D:11     | Noticed Nergalle
  5836 | D:11     | Noticed a two-headed ogre
  5856 | D:11     | Killed a two-headed ogre
  5899 | D:11     | Killed Nergalle
  5956 | D:11     | Found a staircase to the Lair.
  5961 | D:11     | Reached **** piety under Makhleb
  5969 | D:11     | Reached skill level 12 in Axes
  5994 | D:11     | Noticed a sixfirhy
  5996 | D:11     | Noticed a soul eater
  6019 | D:11     | Noticed Gastronok
  6049 | D:11     | Killed Gastronok
  6119 | D:11     | Noticed Snorg
  6147 | D:11     | Killed Snorg
  6147 | D:11     | Reached XP level 12. HP: 36/110 MP: 12/12
  6576 | Lair:1   | Entered Level 1 of the Lair of Beasts
  6685 | Lair:1   | Found a sacrificial altar of Ru.
  7250 | Lair:1   | Identified a scroll of acquirement
  7250 | Lair:1   | Identified the ring of the Komtur {rPois rF+ Str-3 SInv}
                  | (You acquired it on level 1 of the Lair of Beasts)
  7284 | Lair:2   | Reached skill level 13 in Axes
  7286 | Lair:2   | Reached skill level 10 in Invocations
  7286 | Lair:2   | Reached skill level 10 in Armour
  7385 | Lair:2   | Reached skill level 10 in Shields
  7413 | Lair:2   | Noticed a seven-headed hydra
  7430 | Lair:2   | Killed an 11-headed hydra
  7730 | Lair:2   | Noticed a six-headed hydra
  7737 | Lair:2   | Killed a six-headed hydra
  8094 | Lair:3   | Found a hole to the Spider Nest.
  8155 | Lair:3   | Found a staircase to the Swamp.
  8782 | Lair:4   | Found a frozen archway.
  8827 | IceCv    | Entered an ice cave
  9039 | Lair:4   | Noticed an eight-headed hydra
  9059 | Lair:4   | Killed an eight-headed hydra
  9113 | Lair:4   | Found a runed translucent gate.
  9113 | Lair:4   | Found a runed translucent gate.
  9113 | Lair:4   | Found a runed translucent gate.
  9113 | Lair:4   | Noticed Vygymeh's ghost (journeyman DECj)
  9114 | Lair:4   | Noticed Hiceoc's ghost (journeyman FeBe)
  9272 | Lair:4   | Found a white marble altar of Elyvilon.
  9582 | Lair:5   | Reached XP level 13. HP: 105/120 MP: 10/10
  9585 | Lair:5   | Reached skill level 14 in Axes
  9641 | Lair:5   | Noticed Urug
  9646 | Lair:5   | Found a gate leading to a gauntlet.
  9664 | Lair:5   | Killed Urug
  9688 | Gauntlet | Entered a Gauntlet
  9688 | Gauntlet | Found a transporter.
  9688 | Gauntlet | Found a transporter.
  9689 | Gauntlet | Found a transporter.
  9690 | Gauntlet | Found a transporter.
  9693 | Gauntlet | Found a transporter.
  9693 | Gauntlet | Found a transporter.
  9699 | Gauntlet | Found a transporter.
  9702 | Gauntlet | Found a transporter.
  9702 | Gauntlet | Found a transporter.
  9704 | Gauntlet | Found a transporter.
  9712 | Gauntlet | Found a transporter.
  9712 | Gauntlet | Found a transporter.
  9998 | Gauntlet | Reached ***** piety under Makhleb
 10009 | Gauntlet | Got a slimy silver ring
 10022 | Gauntlet | Identified the ring "Rosuonav" {rN+ MR+} (You found it in a
                  | Gauntlet)
 10035 | Gauntlet | Identified the cursed +1 bardiche of the Eggplant {freeze,
                  | rN+ Str+2 SInv Stlth-}
 10035 | Gauntlet | Noticed a minotaur
 10049 | Gauntlet | Killed a minotaur
 10850 | Lair:6   | Entered Level 6 of the Lair of Beasts
 10940 | Lair:6   | Found a staircase to the Slime Pits.
 10940 | Lair:6   | Found a viscous altar of Jiyva.
 11095 | Lair:6   | Reached skill level 15 in Axes
 11392 | Lair:6   | Gained mutation: You resist negative energy. (rN+) [Deep
                  | Dwarf growth]
 11392 | Lair:6   | Reached XP level 14. HP: 117/130 MP: 10/10
 11993 | Lair:6   | Reached skill level 10 in Fighting
 12078 | Spider:1 | Entered Level 1 of the Spider Nest
 12128 | Spider:1 | HP: 5/132 [something (3)]
 12143 | Spider:1 | Killed a ghost moth
 12200 | Spider:1 | Noticed a ghost moth
 12226 | Spider:1 | Killed a ghost moth
 12457 | Spider:2 | Reached skill level 16 in Axes
 12660 | Spider:4 | Entered Level 4 of the Spider Nest
 12838 | Spider:4 | Noticed an entropy weaver
 12854 | Spider:4 | Killed an entropy weaver
 12937 | Spider:4 | HP: 6/133 [jumping spider (10)]
 12937 | Spider:4 | Slain by a wolf spider

Levels and vault maps discovered:
D:1:      onia_arrival_pyramid, layout_loops_corners
D:2:      layout_loops_ring, dancing_weapons_uskayaw,
          grunt_temple_overflow_open, chequers_ecumenical_altar_simple_redux,
          minmay_misc_feat_doors, minmay_increasing_density
D:3:      layout_loops_ring, kiku_gazebo_garden_becter, old_standard_altar,
          first_ration
D:4:      layout_loops_ring, fedhas_ov_isle_minmay, gammafunk_ghost_stat_death,
          nrook_uturn, ashenzari_altar_1, uniq_crazy_yiuf_cottage
D:5:      layout_loops_ring, nicolae_overflow_hidden_temple, temple_statues,
          basic_altar, hangedman_decor_lopped
D:6:      layout_loops_ring, nicolae_overflow_crystal_walls,
          yredelemnul_forgotten_temple_becter, serial_shops, shop, shop, shop
D:7:      layout_basic, vehumet_altar_wand_db, basic_altar,
          nicolae_water_bricks, grunt_ogre_cave, minmay_stone_trees_small
D:8:      minmay_tri_box, layout_basic
D:9:      layout_loops_ring, grunt_temple_overflow_order_and_chaos_1,
          orc_0_dummy, nicolae_dithmenos_shadow_blocks
D:10:     layout_rooms, uniq_maggie, uniq_psyche
D:11:     layout_roguey, david_lair_generic, uniq_snorg, uniq_gastronok,
          uniq_nergalle
D:12:     layout_basic, ebering_ghost_funeral_grove, uniq_nessos
Temple:   dpeg_three_leaves_temple
Lair:1:   layout_regular_city, basic_altar
Lair:2:   layout_long_grid, grunt_megastairs_1
Lair:3:   layout_long_grid, minmay_swamp_entry_reptiles, spider_nest_entry_a,
          grunt_forest_stairs_basic, hangedman_lair_unloving_vines,
          hibernation_bobbens
Lair:4:   layout_gridlike, gammafunk_ghost_cemetery, basic_altar,
          portal_ice_cave_demonic_guard, serial_bayou_shore_a
Lair:5:   layout_cave_pods, gauntlet_entry_generic, grunt_megastairs_5,
          lemuel_fruit_fields, uniq_urug
Lair:6:   due_jungle_book, layout_cave_shapes, slime_altar_1,
          serial_bayou_shore_b
Spider:1: layout_spider_delve
Spider:2: layout_spider_delve
Spider:3: layout_spider_delve, uniq_arachne, uniq_bai_suzhen, uniq_aizul,
          uniq_nikola
Spider:4: spider_rune_water, drop_trap

Skill      XL: |  1  2  3  4  5  6  7  8  9 10 11 12 13 14 |
---------------+-------------------------------------------+-----
Axes           | 3 4 5 6 8 9 11 12 13 15 16 | 16.4
Fighting       | 3 4 5 6 7 8 9 10 | 10.6
Armour         | 4 5 6 7 8 9 10 11 12 | 12.5
Shields        | 4 5 6 7 8 9 10 11 12 | 12.4
Invocations    | 2 5 6 7 9 10 12 13 | 13.4

Action                   |  1- 3 |  4- 6 |  7- 9 | 10-12 | 13-15 || total
-------------------------+-------+-------+-------+-------+-------++-------
Melee: War axe           |    90 |   171 |       |   482 |       ||   743
       Hand axe          |       |       |   223 |   521 |  1006 ||  1750
Invok: Lesser Servant of |       |       |       |     6 |     9 ||    15
       Greater Servant o |       |       |       |       |     1 ||     1
 Abil: Heal Wounds       |     1 |     3 |    15 |    20 |    23 ||    62
Evoke: Wand              |       |       |       |       |     8 ||     8
  Use: Scroll            |       |       |     5 |     9 |    11 ||    25
       Potion            |       |       |     4 |       |     8 ||    12
 Stab: Distracted        |       |       |       |     3 |       ||     3
  Eat: Chunk             |       |     3 |     7 |    17 |     8 ||    35
       Ration            |       |       |       |     1 |     1 ||     2
Armor: Scale mail        |    49 |    61 |    13 |       |       ||   123
       Plate armour      |       |       |   103 |   616 |   812 ||  1531
Dodge: Dodged            |    35 |    43 |    47 |   213 |   295 ||   633
Block: Kite shield       |    53 |    89 |   127 |   613 |   748 ||  1630

Table legend:
 A = Non-vault XP
 B = Vault XP
 C = Vault XP percentage of total XP
 D = Non-vault monster count
 E = Vault monster count
 F = Vault count percentage of total count
                 A         B        C        D         E       F
            +---------+---------+-------+---------+---------+-------
      Total |   79311 |   22990 |  22.5 |     419 |      63 |  13.1
            +---------+---------+-------+---------+---------+-------
        D:1 |       5 |       0 |   0.0 |       3 |       0 |   0.0
        D:2 |      54 |      19 |  26.0 |      13 |       7 |  35.0
        D:3 |       3 |       0 |   0.0 |       2 |       0 |   0.0
        D:4 |     336 |      41 |  10.9 |      19 |       1 |   5.0
        D:5 |     372 |       0 |   0.0 |      16 |       0 |   0.0
        D:6 |     645 |       1 |   0.2 |      18 |       1 |   5.3
        D:7 |     542 |     120 |  18.1 |      20 |       2 |   9.1
        D:8 |    2437 |    2760 |  53.1 |      25 |       6 |  19.4
        D:9 |    2228 |       0 |   0.0 |      32 |       0 |   0.0
       D:10 |    3665 |     793 |  17.8 |      27 |       2 |   6.9
       D:11 |    4027 |    4990 |  55.3 |      23 |       7 |  23.3
     Lair:1 |    2447 |       0 |   0.0 |      11 |       0 |   0.0
     Lair:2 |    3721 |     884 |  19.2 |      20 |       3 |  13.0
     Lair:3 |     808 |    1226 |  60.3 |       4 |       7 |  63.6
     Lair:4 |    3556 |     681 |  16.1 |      16 |       2 |  11.1
     Lair:5 |    6209 |     824 |  11.7 |      25 |       1 |   3.8
     Lair:6 |   18011 |    2866 |  13.7 |      53 |       5 |   8.6
   Spider:1 |    8049 |       0 |   0.0 |      17 |       0 |   0.0
   Spider:2 |   12773 |       0 |   0.0 |      46 |       0 |   0.0
   Spider:3 |    2061 |       0 |   0.0 |       4 |       0 |   0.0
   Spider:4 |    7362 |    1303 |  15.0 |      25 |       3 |  10.7
      IceCv |       0 |    1352 | 100.0 |       0 |       4 | 100.0
   Gauntlet |       0 |    5130 | 100.0 |       0 |      12 | 100.0
            +---------+---------+-------+---------+---------+-------
